 Dungeon Crawl Stone Soup version 0.28-a0-1199-gef9e1dbd39 (webtiles) character file.

Game seed: 291269762268594237

213435 Gargoyl the Schismatic (level 18, -6/146 HPs)
             Began as a Gnoll Abyssal Knight on Dec 19, 2021.
             Was an Elder of Lugonu.
             Killed from afar by an ironbound thunderhulk (73 damage)
             ... with a bolt of lightning
             ... on level 3 of the Vaults.
             The game lasted 01:09:21 (35274 turns).

Gargoyl the Schismatic (Gnoll Abyssal Knight)      Turns: 35274, Time: 01:09:22

Health: -6/146     AC: 32    Str: 26    XL:     18   Next: 96%
Magic:  34/34      EV: 14    Int: 11    God:    Lugonu [****..]
Gold:   1607       SH: 13    Dex: 14    Spells: 42/42 levels left

rFire   + + .      SeeInvis .   x - +9 hand axe (drain)
rCold   . . .      Faith    .   w - +6 buckler "Ampajiuc" {-Tele Harm rPois Slay+4}
rNeg    . . .      Spirit   .   n - +4 chain mail {rF+}
rPois   +          Reflect  .   J - +2 helmet
rElec   .          Harm     +   Y - +2 cloak {Will+}
rCorr   .          Rampage  .   k - +2 pair of gloves
Will    ++...      NoTele   +   K - +1 pair of boots {Stlth+}
Stlth   +++.......              f - amulet of regeneration
HPRegen 1.14/turn               y - +6 ring of strength
MPRegen 0.24/turn               q - ring of poison resistance

@: no status effects
A: fangs 1, strong nose, distributed training, iridescent scales 1, clever 1,
fire resistance 1, poison resistance
}: 1/15 runes: gossamer
a: Renounce Religion, Depart the Abyss, Bend Space, Banish, Corrupt


You were on level 3 of the Vaults.
You worshipped Lugonu.
Lugonu was greatly pleased with you.
You visited 5 branches of the dungeon, and saw 30 of its levels.
You visited the Abyss 4 times.

You collected 2859 gold pieces.
You spent 1252 gold pieces at shops.

Inventory:

Hand Weapons
 x - a +9 hand axe of draining (weapon)
 X - a +4 broad axe
 Z - a +5 hand axe of flaming
Missiles
 d - 99 poisoned darts
 D - 2 curare-tipped darts
Armour
 a - a +6 plate armour of ponderousness
 k - a +2 pair of gloves (worn)
 n - a +4 chain mail of fire resistance (worn)
 w - the +6 buckler "Ampajiuc" (worn) {-Tele Harm rPois Slay+4}
   (You found it on level 5 of the Dungeon)

   Slay:      It affects your accuracy & damage with ranged weapons and melee
   (+4).
   rPois:     It protects you from poison.
   -Tele:     It prevents most forms of teleportation.
   Harm:      It increases damage dealt and taken.
 J - a +2 helmet (worn)
 K - a +1 pair of boots of stealth (worn)
 Y - a +2 cloak of willpower (worn)
Jewellery
 c - an amulet of magic regeneration
 e - an amulet of reflection
 f - an amulet of regeneration (around neck)
 h - a +6 ring of strength
 q - a ring of poison resistance (right hand)
 y - a +6 ring of strength (left hand)
 C - an amulet of the acrobat
 M - a ring of resist corrosion
 Q - a ring of willpower
 V - a ring of protection from fire
Wands
 m - a wand of flame (45)
 s - a wand of iceblast (37)
 B - a wand of mindburst (2)
 N - a wand of paralysis (19)
 P - a wand of digging (7)
 T - a wand of charming (9)
Scrolls
 i - 3 scrolls of summoning
 l - 8 scrolls of fear
 u - a scroll of teleportation
 z - 5 scrolls of fog
 A - 13 scrolls of identify
 E - 2 scrolls of magic mapping
 F - 2 scrolls of silence
 H - 9 scrolls of blinking
 L - 3 scrolls of holy word
Potions
 b - 2 potions of haste (quivered)
 g - a potion of heal wounds
 j - 2 potions of invisibility
 o - 2 potions of brilliance
 p - 4 potions of curing
 r - a potion of mutation
 t - a potion of berserk rage
 v - 7 potions of flight
 G - 6 potions of magic
 I - 4 potions of might
 O - a potion of cancellation
 R - 2 potions of resistance
 S - 4 potions of ambrosia


   Skills:
 + Level 14.2 Fighting
 + Level 12.7 Short Blades
 + Level 12.7 Long Blades
 + Level 13.5 Axes
 + Level 12.7 Maces & Flails
 + Level 12.7 Polearms
 + Level 12.7 Staves
 + Level 12.7 Slings
 + Level 12.7 Bows
 + Level 12.7 Crossbows
 + Level 12.7 Throwing
 + Level 13.5 Armour
 + Level 13.0 Dodging
 + Level 12.7 Stealth
 + Level 12.7 Shields
 + Level 12.7 Unarmed Combat
 + Level 12.7 Spellcasting
 + Level 10.8 Conjurations
 + Level 10.8 Hexes
 + Level 10.8 Summonings
 + Level 10.8 Necromancy
 + Level 10.8 Translocations
 + Level 10.8 Transmutations
 + Level 10.8 Fire Magic
 + Level 10.8 Ice Magic
 + Level 10.8 Air Magic
 + Level 10.8 Earth Magic
 + Level 10.8 Poison Magic
 + Level 14.5 Invocations
 + Level 12.7 Evocations


You had 42 spell levels left.
You didn't know any spells.
Your spell library contained the following spells:

 Spells                   Type           Power      Damage    Failure   Level
 Animate Skeleton         Necr           60%        N/A       1%          1
 Apportation              Tloc           60%        N/A       1%          1
 Beastly Appendage        Tmut           60%        N/A       1%          1
 Freeze                   Ice            100%       1d11      1%          1
 Magic Dart               Conj           100%       1d8       1%          1
 Slow                     Hex            100%       N/A       1%          1
 Summon Small Mammal      Summ           100%       N/A       1%          1
 Blink                    Tloc           60%        N/A       1%          2
 Call Imp                 Summ           30%        N/A       1%          2
 Ensorcelled Hibernation  Hex/Ice        60%        N/A       1%          2
 Wereblood                Tmut           30%        N/A       1%          2
 Confusing Touch          Hex            30%        N/A       1%          3
 Conjure Flame            Conj/Fire      30%        6-21      1%          3
 Frozen Ramparts          Ice            60%        1d8       1%          3
 Gell's Gravitas          Tloc           30%        N/A       1%          3
 Ignite Poison            Fire/Tmut/Pois 30%        N/A       1%          3
 Lesser Beckoning         Tloc           30%        N/A       1%          3
 Mephitic Cloud           Conj/Pois/Air  30%        N/A       1%          3
 Portal Projectile        Hex/Tloc       60%        N/A       1%          3
 Spider Form              Tmut/Pois      30%        N/A       1%          3
 Teleport Other           Tloc           30%        N/A       1%          3
 Fulminant Prism          Conj/Hex       15%        3d11      4%          4
 Hailstorm                Conj/Ice       30%        3d8       4%          4
 Iskenderun's Mystic Bla  Conj/Tloc      30%        2d8       4%          4
 Olgreb's Toxic Radiance  Pois           30%        N/A       4%          4
 Sticky Flame             Conj/Fire      30%        2d5       4%          4
 Agony                    Necr           30%        N/A       13%         5
 Alistair's Intoxication  Tmut/Pois      20%        N/A       13%         5
 Blade Hands              Tmut           15%        N/A       13%         5
 Excruciating Wounds      Necr           15%        N/A       13%         5
 Fireball                 Conj/Fire      15%        3d8       13%         5
 Freezing Cloud           Conj/Ice/Air   15%        6-21      13%         5
 Irradiate                Conj/Tmut      15%        3d18      13%         5
 Lee's Rapid Deconstruct  Erth           15%        3d11*     13%         5
 Manifold Assault         Tloc           30%        N/A       13%         5
 Yara's Violent Unravell  Hex/Tmut       15%        3d8       13%         5
 Starburst                Conj/Fire      15%        6d6       56%         6
 Ozocubu's Refrigeration  Ice            15%        4d8       98%         7
 Borgnjor's Revivificati  Necr           15%        N/A       100%        8
 Ignition                 Fire           15%        3d6       100%        8
 Necromutation            Tmut/Necr      15%        N/A       100%        8
 Death's Door             Necr           15%        N/A       100%        9


Dungeon Overview and Level Annotations

Branches:
Dungeon (15/15)            Temple (0/1) D:5            Lair (6/6) D:11
 Shoals (0/4) Lair:2       Spider (4/4) Lair:4        Slime (0/5) Lair:5
    Orc (2/2) D:12            Elf (0/3) Orc:2        Vaults (3/5) D:13
 Depths (0/4) D:15
  Crypt: Vaults:2-3

Altars:
Ashenzari
Fedhas
Gozag
Hepliaklqana
Kikubaaqudgha
Qazlal
Ru
Trog
Uskayaw
Vehumet
Yredelemnul
The Shining One
Beogh

Shops:
D:1 *   D:5 *   D:6 ?   D:10 (?   Orc:2 ?:!*   Vaults:1 !

Portals:
Abyss: D:15
Trove: D:11 (give +7 demon trident)

Annotations:
D:15 1 transporter, corrupted
Lair:1 2 transporters, anet's ghost, novice GnDe
Lair:4 corrupted
Lair:6 corrupted
Spider:1 corrupted
Spider:2 corrupted
Spider:3 corrupted
Vaults:1 corrupted


Innate Abilities, Weirdness & Mutations

You have very sharp teeth.
Your uncanny sense of smell can sniff out nearby items.
Your experience applies equally to all skills.
You are partially covered in iridescent scales. (AC +2)
Your mind is acute. (Int +2)
Your flesh is heat resistant. (rF+)
Your system is resistant to poisons. (rPois)


Message History

You slash the orc warlord!
The orc warlord is severely wounded.
The orc knight no longer looks unusually strong.
A slime creature comes into view.
You slice the orc warlord!!
The orc warlord is almost dead.
You block the orc warlord's attack.
You hit the orc warlord.
The orc warlord is almost dead.
The ironbound convoker begins to recite a word of recall!
The orc warlord hits you but does no damage.
You hit the orc warlord but do no damage.
Your bite misses the orc warlord.
The orc warlord is almost dead.
Two slime creatures merge to form a large slime creature.
You slash the orc warlord!
You bite the orc warlord, but do no damage.
The orc warlord is almost dead.
A slime creature comes into view.
The orc warlord completely misses you.
You hit the orc warlord.
The orc warlord is almost dead.
Two slime creatures merge to form a very large slime creature.
You slash the orc warlord!
You kill the orc warlord!
Lugonu accepts your kill.
Unknown command.
The harpy is recalled.
The yaktaur is recalled.
The ironbound thunderhulk is recalled.
The orc warlord is recalled.
A harpy comes into view.
A deep troll comes into view.
An orc warlord comes into view. It is wielding a +0 long sword.
The orc warlord roars a battlecry!
The orc knight goes into a battle-frenzy!
A yaktaur and an ironbound thunderhulk come into view.
The orc knight roars a battlecry!
The orc warlord goes into a battle-frenzy!
Electricity crackles from the ironbound thunderhulk's apparatus.
The bolt of lightning hits you!!!
Ouch! That really hurt!
You die...

.#######..# .# #..# .#
#..##. .# #..##. .#
#..##.∆ .# #..##. #
.#######..##. #### .#
...)).....##.##..#####H.#
...).)....##....@o)cpJOT#
#####'#######'#######o###
..................# .#
..................# #.
..................# ..
..................# ##.
..................# +#
..................#
..................#


You could see an orc warlord (strong), an ironbound thunderhulk, an orc knight
(strong), a very large slime creature, a deep troll, an ironbound convoker
(catching breath), a yaktaur and a harpy.

Vanquished Creatures
  A bone dragon (Vaults:3)
  A hellephant (D:15)
  Mlioglotl (Spider:3)
  Jorgrun (Spider:2)
  Frances (Spider:1)
  Kirke (D:15)
  A sphinx (Vaults:3)
  An orc warlord (Vaults:3)
  A vault warden (Vaults:3)
  5 ghost moths
  11 emperor scorpions
  2 ironbound preservers
  3 ironbound thunderhulks
  A deep elf demonologist (Vaults:3)
  Azrael (D:13)
  14 dire elephants
  2 spark wasps
  2 entropy weavers
  An ettin (Vaults:3)
  A deep elf death mage (Vaults:3)
  Josephine (Orc:1)
  3 boulder beetles
  2 yaktaur captains
  6 hydras
  A great orb of eyes (Vaults:2)
  Erolcha (Orc:1)
  12 centaur warriors
  A rakshasa (D:15)
  8 vault guards (D:13)
  3 ironbound frosthearts
  6 two-headed ogres
  A tengu warrior (D:15)
  11 death yaks
  3 orc high priests (Orc:2)
  A deep elf knight (Spider:2)
  Sonja (D:10)
  A flayed ghost (D:15)
  8 deep trolls
  A deep elf archer (Spider:2)
  Pikel (D:4)
  8 lindwurms
  6 orc knights
  5 harpies
  2 deep elf pyromancers
  9 wizards
  A necromancer (D:15)
  26 wolf spiders
  7 ironbound convokers
  A deep elf zephyrmancer (D:15)
  2 wolf spider zombies
  22 ugly things
  13 orb spiders
  4 cyclopes
  2 manticores
  6 orc sorcerers
  A salamander (Lair:5)
  2 moths of wrath
  2 naga magi (D:15)
  4 black mambas
  An elephant (shapeshifter) (D:13)
  4 vault sentinels
  An eye of devastation (Lair:5)
  A gargoyle (D:10)
  12 cane toads
  An unseen horror (D:11)
  4 torpor snails
  An efreet (D:13)
  3 centaur skeletons (D:15)
  9 yaktaurs
  2 kobold demonologists
  2 rime drakes
  10 demonic crawlers
  10 komodo dragons
  A redback zombie (D:14)
  2 tengu conjurers (D:12)
  A polar bear (shapeshifter) (D:14)
  A queen bee (Spider:3)
  32 jumping spiders
  2 trolls
  Grinder (D:5)
  A harpy zombie (D:14)
  4 hornets
  2 meliai
  11 slime creatures
  A polar bear (Lair:5)
  A wind drake (Lair:5)
  17 blink frogs
  A snapping turtle (Lair:5)
  A meliai zombie (D:14)
  A ynoxinul (Abyss:1)
  A centaur simulacrum (D:14)
  45 tarantellas
  58 redbacks
  3 wyverns
  3 shadows
  A vampire (D:12)
  46 yaks
  8 wraiths
  Eustachio (D:5)
  3 basilisks
  3 hogs (D:15)
  A large abomination (Abyss:1)
  6 fire elementals (D:13)
  3 steam dragons
  A redback simulacrum (D:15)
  Menkaure (D:5)
  10 vampire mosquitoes
  A warg (Orc:2)
  An acid dragon (D:12)
  3 hell hounds
  16 water moccasins
  A floating eye (Lair:5)
  A meliai simulacrum (D:14)
  A hornet zombie (D:14)
  3 sky beasts
  23 orc warriors
  3 ice beasts
  4 black bears
  15 wolves
  5 boggarts
  2 necrophages
  7 ogres
  8 centaurs
  2 phantoms
  13 bullfrogs
  2 kobold brigands (D:12)
  30 scorpions
  2 gnoll sergeants (D:9)
  A wyvern zombie (D:7)
  5 wights (D:9)
  16 killer bees
  6 electric eels
  6 howler monkeys
  2 vampire bats (D:8)
  3 bullfrog zombies
  11 centaur zombies
  13 orc priests
  5 hounds
  Jessica (D:3)
  Ijyb (D:3)
  2 iguanas
  25 orc wizards
  3 killer bee zombies
  2 hound skeletons
  2 howler monkey zombies
  10 gnolls
  3 adders
  2 howler monkey skeletons
  A shadow imp (D:7)
  3 white imps (D:14)
  2 worms
  3 dart slugs
  56 orcs
  4 bat skeletons (D:8)
  2 bat zombies (D:8)
  7 endoplasms
  3 giant cockroaches (D:1)
  7 goblins
  7 hobgoblins
  3 jackals (D:4)
  7 quokkas
  3 ball pythons (D:2)
  4 bats
  4 frilled lizards
  9 kobolds
  4 rats
973 creatures vanquished.

Vanquished Creatures (others)
  Arachne (Spider:2)
  A tentacled starspawn (D:15)
  Agnes (Spider:1)
  The ghost of Bankemomn the Destroyer, a journeyman NaIE of Cheibriados (D:15)
  A ghost moth (Spider:3)
  An ironbound thunderhulk (Vaults:1)
  2 entropy weavers (Spider:2)
  2 hydras
  A boulder beetle (Lair:5)
  A merfolk avatar (Lair:6)
  9 death yaks (Lair:6)
  A sea snake (Lair:6)
  2 wizards
  A harpy (Lair:6)
  7 orb spiders
  8 wolf spiders
  3 manticores (Lair:6)
  3 ugly things (Vaults:1)
  5 elephants (Lair:4)
  A moth of wrath (Spider:1)
  A black mamba (Lair:6)
  3 demonic crawlers
  A hellion (D:15)
  3 komodo dragons
  17 jumping spiders
  A meliai (Spider:3)
  4 slime creatures (Vaults:1)
  2 hornets
  17 redbacks
  2 yaks (Lair:4)
  8 tarantellas
  A wyvern (Lair:4)
  4 water moccasins
  An orc warrior (Orc:2)
  4 wolves (Lair:6)
  5 killer bees (Spider:3)
  An electric eel (Spider:2)
  A bush (Lair:6)
  6 demonic plants (D:2)
  86 fungi
  222 plants
  40 starspawn tentacles
482 creatures vanquished.

Grand Total: 1455 creatures vanquished

Notes
Turn   | Place    | Note
-------+----------+-------------------------------------------
     0 | Abyss:1  | Gargoyl the Gnoll Abyssal Knight began the quest for the
                  | Orb.
     0 | Abyss:1  | Reached XP level 1. HP: 23/23 MP: 3/3
   141 | Abyss:1  | Noticed a thrashing horror
   238 | Abyss:3  | Gained mutation: You expend magic power (3 MP) to
                  | strengthen your wands. [potion of mutation]
   238 | Abyss:3  | Gained mutation: You are agile. (Dex +2) [potion of
                  | mutation]
   238 | Abyss:3  | Gained mutation: Your skin changes colour to match your
                  | surroundings (Stealth+). [potion of mutation]
   258 | Abyss:3  | Noticed a thrashing horror
   258 | Abyss:3  | Noticed a small abomination
   268 | D:1      | Escaped the Abyss
   472 | D:1      | Reached XP level 2. HP: 29/29 MP: 5/5
   472 | D:1      | Reached * piety under Lugonu
   620 | D:1      | Found Naxuet's General Store.
   829 | D:1      | Reached XP level 3. HP: 31/35 MP: 6/6
   952 | D:2      | Found a faded altar of an unknown god.
  1442 | D:2      | Reached skill level 1 in Short Blades
  1442 | D:2      | Reached skill level 1 in Long Blades
  1442 | D:2      | Reached skill level 1 in Maces & Flails
  1442 | D:2      | Reached skill level 1 in Polearms
  1442 | D:2      | Reached skill level 1 in Staves
  1442 | D:2      | Reached skill level 1 in Slings
  1442 | D:2      | Reached skill level 1 in Bows
  1442 | D:2      | Reached skill level 1 in Crossbows
  1442 | D:2      | Reached skill level 1 in Throwing
  1442 | D:2      | Reached skill level 1 in Stealth
  1442 | D:2      | Reached skill level 1 in Shields
  1442 | D:2      | Reached skill level 1 in Unarmed Combat
  1442 | D:2      | Reached skill level 1 in Spellcasting
  1442 | D:2      | Reached skill level 1 in Evocations
  1458 | D:2      | Reached XP level 4. HP: 41/41 MP: 7/7
  1735 | D:3      | Noticed Ijyb
  1767 | D:3      | Killed Ijyb
  1768 | D:3      | Reached skill level 1 in Conjurations
  1768 | D:3      | Reached skill level 1 in Hexes
  1768 | D:3      | Reached skill level 1 in Summonings
  1768 | D:3      | Reached skill level 1 in Necromancy
  1768 | D:3      | Reached skill level 1 in Translocations
  1768 | D:3      | Reached skill level 1 in Transmutations
  1768 | D:3      | Reached skill level 1 in Fire Magic
  1768 | D:3      | Reached skill level 1 in Ice Magic
  1768 | D:3      | Reached skill level 1 in Air Magic
  1768 | D:3      | Reached skill level 1 in Earth Magic
  1768 | D:3      | Reached skill level 1 in Poison Magic
  2045 | D:3      | Reached XP level 5. HP: 46/47 MP: 8/8
  2068 | D:3      | Noticed Jessica
  2075 | D:3      | Killed Jessica
  2420 | D:4      | Noticed a necrophage
  2435 | D:4      | Killed a necrophage
  2436 | D:4      | Reached skill level 5 in Invocations
  2436 | D:4      | Reached XP level 6. HP: 53/53 MP: 9/9
  2452 | D:4      | Reached ** piety under Lugonu
  2542 | D:4      | Reached skill level 5 in Axes
  2542 | D:4      | Reached skill level 5 in Armour
  3242 | D:5      | Entered Level 5 of the Dungeon
  3242 | D:5      | Noticed Pikel
  3286 | D:4      | Killed Pikel
  3287 | D:4      | Reached XP level 7. HP: 49/60 MP: 9/11
  3287 | D:4      | Reached XP level 8. HP: 54/67 MP: 9/12
  3415 | D:5      | Noticed Menkaure
  3418 | D:5      | Found a radiant altar of Vehumet.
  3424 | D:5      | Killed Menkaure
  3596 | D:5      | Noticed Grinder
  3596 | D:5      | Paralysed by Grinder for 6 turns
  3624 | D:5      | Paralysed by Grinder for 2 turns
  3632 | D:5      | Paralysed by Grinder for 4 turns
  3640 | D:5      | Paralysed by Grinder for 3 turns
  3690 | D:5      | Killed Grinder
  3755 | D:5      | Noticed Eustachio
  3789 | D:5      | Killed Eustachio
  3789 | D:5      | Reached *** piety under Lugonu
  3890 | D:5      | Reached XP level 9. HP: 62/72 MP: 14/14
  4056 | D:5      | Identified the +6 buckler "Ampajiuc" {-Tele Harm rPois
                  | Slay+4}
  4171 | D:5      | Found an opulent altar of Gozag.
  4171 | D:5      | Found Gozag's Platinum Reserve.
  4374 | D:5      | Found a staircase to the Ecumenical Temple.
  4597 | D:6      | Reached skill level 5 in Dodging
  4693 | D:6      | Noticed a two-headed ogre
  4721 | D:6      | Killed a two-headed ogre
  4814 | D:6      | Found Kourruvvi's Magic Scroll Shop.
  4822 | D:6      | Bought a scroll of summoning for 142 gold pieces
  4822 | D:6      | Bought a scroll of enchant armour for 112 gold pieces
  5122 | D:7      | Reached XP level 10. HP: 74/80 MP: 17/17
  5133 | D:7      | Reached skill level 5 in Short Blades
  5133 | D:7      | Reached skill level 5 in Long Blades
  5133 | D:7      | Reached skill level 5 in Maces & Flails
  5133 | D:7      | Reached skill level 5 in Polearms
  5133 | D:7      | Reached skill level 5 in Staves
  5133 | D:7      | Reached skill level 5 in Slings
  5133 | D:7      | Reached skill level 5 in Bows
  5133 | D:7      | Reached skill level 5 in Crossbows
  5133 | D:7      | Reached skill level 5 in Throwing
  5133 | D:7      | Reached skill level 5 in Stealth
  5133 | D:7      | Reached skill level 5 in Shields
  5133 | D:7      | Reached skill level 5 in Unarmed Combat
  5133 | D:7      | Reached skill level 5 in Spellcasting
  5133 | D:7      | Reached skill level 5 in Evocations
  5196 | D:7      | Found a broken altar of Ashenzari.
  5442 | D:7      | Found a hazy altar of Hepliaklqana.
  5484 | D:7      | Noticed a kobold demonologist
  5494 | D:7      | Killed a kobold demonologist
  5677 | D:8      | Noticed a two-headed ogre
  5687 | D:8      | Killed a two-headed ogre
  5755 | D:8      | Found a stormy altar of Qazlal.
  5757 | D:8      | Found a sacrificial altar of Ru.
  5779 | D:8      | Reached **** piety under Lugonu
  5819 | D:8      | Found a hide-covered altar of Uskayaw.
  6370 | D:8      | Found an ancient bone altar of Kikubaaqudgha.
  6503 | D:9      | Noticed a six-headed hydra
  6792 | D:9      | Noticed a two-headed ogre
  6802 | D:9      | Killed a two-headed ogre
  6853 | D:9      | Reached XP level 11. HP: 87/87 MP: 19/19
  6996 | D:9      | Reached skill level 5 in Conjurations
  6996 | D:9      | Reached skill level 5 in Hexes
  6996 | D:9      | Reached skill level 5 in Summonings
  6996 | D:9      | Reached skill level 5 in Necromancy
  6996 | D:9      | Reached skill level 5 in Translocations
  6996 | D:9      | Reached skill level 5 in Transmutations
  6996 | D:9      | Reached skill level 5 in Fire Magic
  6996 | D:9      | Reached skill level 5 in Ice Magic
  6996 | D:9      | Reached skill level 5 in Air Magic
  6996 | D:9      | Reached skill level 5 in Earth Magic
  6996 | D:9      | Reached skill level 5 in Poison Magic
  7195 | D:10     | Entered Level 10 of the Dungeon
  7260 | D:10     | Noticed Sonja
  7285 | D:10     | Killed Sonja
  7361 | D:10     | Found Noeqiugew's Magic Scroll Emporium.
  7403 | D:10     | Bought a scroll of enchant weapon for 90 gold pieces
  7403 | D:10     | Bought a scroll of enchant weapon for 90 gold pieces
  7466 | D:10     | Found Raicsuipt's Antique Weapon Boutique.
  7560 | D:10     | Found a glowing golden altar of the Shining One.
  7571 | D:10     | Found a basalt altar of Yredelemnul.
  7573 | D:10     | Noticed a profane servitor
  7758 | D:10     | Noticed an angel
  7805 | D:11     | Noticed a four-headed hydra
  7815 | D:11     | Killed a four-headed hydra
  7935 | D:11     | Noticed a two-headed ogre
  7935 | D:11     | Noticed a two-headed ogre
  7953 | D:11     | Killed a two-headed ogre
  7957 | D:11     | Killed a two-headed ogre
  7957 | D:11     | Reached ***** piety under Lugonu
  8082 | D:11     | Found a staircase to the Lair.
  8230 | D:11     | Noticed a cyclops
  8245 | D:11     | Killed a cyclops
  8475 | D:11     | Reached XP level 12. HP: 96/96 MP: 22/22
  8641 | D:11     | You fall into a shaft and drop 2 floors!
  8670 | D:13     | Noticed a four-headed hydra
  8686 | D:13     | Killed a four-headed hydra
  8723 | D:12     | Noticed a two-headed ogre
  8747 | D:13     | Killed a two-headed ogre
  8933 | D:11     | Found a portal to a secret trove of treasure.
  9080 | Lair:1   | Entered Level 1 of the Lair of Beasts
  9128 | Lair:1   | Noticed anet's ghost (novice GnDe)
  9129 | Lair:1   | Found a transporter.
  9669 | Lair:1   | Found a transporter.
 10251 | Lair:2   | Reached skill level 10 in Fighting
 10671 | Lair:2   | Found a staircase to the Shoals.
 10792 | Lair:2   | Noticed a four-headed hydra
 10800 | Lair:2   | Killed a four-headed hydra
 11114 | Lair:3   | Reached XP level 13. HP: 28/103 MP: 24/24
 11215 | Lair:3   | Found a bloodstained altar of Trog.
 11594 | Lair:3   | Reached skill level 10 in Invocations
 11750 | Lair:3   | Found a blossoming altar of Fedhas.
 12198 | Lair:4   | Found a hole to the Spider Nest.
 12442 | Lair:4   | Corrupted Lair:4
 12442 | Lair:4   | Noticed a tentacled starspawn
 12442 | Lair:4   | Noticed a tentacled starspawn
 12442 | Lair:4   | Noticed a tentacled starspawn
 12442 | Lair:4   | Noticed a starcursed mass
 12443 | Lair:4   | Noticed a tentacled starspawn
 12443 | Lair:4   | Noticed a tentacled starspawn
 13067 | Lair:3   | HP: 4/104 [death yak (6)]
 13496 | Lair:4   | You fall into a shaft and drop 2 floors!
 13496 | Lair:6   | Entered Level 6 of the Lair of Beasts
 13508 | Lair:6   | Corrupted Lair:6
 13508 | Lair:6   | Noticed a starcursed mass
 13508 | Lair:6   | Noticed a tentacled starspawn
 13508 | Lair:6   | Noticed a tentacled starspawn
 13508 | Lair:6   | Noticed a starcursed mass
 13508 | Lair:6   | Noticed a tentacled starspawn
 13509 | Lair:6   | Noticed a starcursed mass
 13556 | Lair:6   | Noticed a starcursed mass
 14273 | Lair:5   | Found a staircase to the Slime Pits.
 14415 | Lair:5   | Reached skill level 10 in Axes
 14415 | Lair:5   | Reached skill level 10 in Armour
 14417 | Lair:5   | Reached XP level 14. HP: 108/113 MP: 26/26
 16708 | D:12     | Found a staircase to the Orcish Mines.
 17251 | D:13     | Reached skill level 10 in Dodging
 17503 | D:13     | Noticed Azrael
 17515 | D:13     | Killed Azrael
 17519 | D:13     | Reached XP level 15. HP: 67/120 MP: 28/28
 17630 | D:13     | Found a gate to the Vaults.
 19103 | D:14     | Reached skill level 10 in Short Blades
 19103 | D:14     | Reached skill level 10 in Long Blades
 19103 | D:14     | Reached skill level 10 in Maces & Flails
 19103 | D:14     | Reached skill level 10 in Polearms
 19103 | D:14     | Reached skill level 10 in Staves
 19103 | D:14     | Reached skill level 10 in Slings
 19103 | D:14     | Reached skill level 10 in Bows
 19103 | D:14     | Reached skill level 10 in Crossbows
 19103 | D:14     | Reached skill level 10 in Throwing
 19103 | D:14     | Reached skill level 10 in Stealth
 19103 | D:14     | Reached skill level 10 in Shields
 19103 | D:14     | Reached skill level 10 in Unarmed Combat
 19103 | D:14     | Reached skill level 10 in Spellcasting
 19103 | D:14     | Reached skill level 10 in Evocations
 19805 | D:14     | Found a basalt altar of Yredelemnul.
 20170 | D:14     | Lost mutation: You expend magic power (3 MP) to strengthen
                  | your wands. [potion of mutation]
 20170 | D:14     | Lost mutation: You are agile. (Dex +2) [potion of mutation]
 20170 | D:14     | Gained mutation: You are strong-willed. (Will+) [potion of
                  | mutation]
 20264 | D:15     | Entered Level 15 of the Dungeon
 20307 | D:15     | Found a transporter.
 20307 | D:15     | Noticed a hellephant
 20490 | D:15     | Noticed Kirke
 20503 | D:15     | Killed Kirke
 20929 | D:15     | Found a transporter.
 20932 | D:15     | Noticed a tentacled starspawn
 20950 | D:15     | Noticed an orc warlord
 20962 | D:15     | Noticed Bankemomn's ghost (journeyman NaIE)
 20969 | D:15     | Found a one-way gate to the infinite horrors of the Abyss.
 21159 | D:15     | Found a staircase to the Depths.
 21828 | D:15     | Corrupted D:15
 21828 | D:15     | Noticed a tentacled starspawn
 21832 | D:15     | HP: 1/121 [hellion/damnation (34)]
 21833 | D:15     | Killed a tentacled starspawn
 21914 | D:15     | Escaped the Abyss
 21935 | D:15     | Killed Bankemomn's ghost
 22145 | D:15     | Killed a hellephant
 22421 | Orc:1    | Entered Level 1 of the Orcish Mines
 22627 | Orc:2    | Entered Level 2 of the Orcish Mines
 22673 | Orc:2    | Reached XP level 16. HP: 108/128 MP: 30/30
 22976 | Orc:2    | Found a staircase to the Elven Halls.
 23027 | Orc:1    | Noticed Erolcha
 23035 | Orc:1    | Killed Erolcha
 23281 | Orc:1    | Noticed Josephine
 23292 | Orc:1    | Killed Josephine
 23939 | Orc:2    | Found Saats's Magic Scroll Shop.
 23939 | Orc:2    | Found Avitar's Assorted Antiques.
 23949 | Orc:2    | Found Lesumaw's Book Shop.
 23949 | Orc:2    | Found Kogus's Distillery.
 24013 | Orc:2    | Bought a scroll of teleportation for 48 gold pieces
 24013 | Orc:2    | Bought a scroll of blinking for 120 gold pieces
 24013 | Orc:2    | Bought a scroll of enchant armour for 120 gold pieces
 24013 | Orc:2    | Bought a scroll of enchant weapon for 120 gold pieces
 24018 | Orc:2    | Bought a potion of heal wounds for 80 gold pieces
 24020 | Orc:2    | Bought a scroll of enchant weapon for 187 gold pieces
 24218 | Spider:1 | Entered Level 1 of the Spider Nest
 25194 | Spider:1 | Noticed Agnes
 25201 | Spider:1 | Corrupted Spider:1
 25211 | Spider:1 | Killed Agnes
 25862 | Spider:1 | Escaped the Abyss
 25868 | Spider:1 | Noticed Frances
 26199 | Spider:1 | Killed Frances
 27170 | Spider:2 | Reached XP level 17. HP: 39/136 MP: 32/32
 27170 | Spider:2 | Corrupted Spider:2
 27170 | Spider:2 | Noticed a tentacled starspawn
 27173 | Spider:2 | Noticed a bone dragon
 27207 | Spider:2 | Killed Arachne
 28247 | Spider:3 | Noticed Jorgrun
 28499 | Spider:2 | Killed Jorgrun
 29058 | Spider:3 | Corrupted Spider:3
 29571 | Spider:4 | Entered Level 4 of the Spider Nest
 29724 | Spider:4 | Noticed Mlioglotl
 29768 | Spider:3 | Killed Mlioglotl
 30135 | Spider:3 | Reached skill level 10 in Conjurations
 30135 | Spider:3 | Reached skill level 10 in Hexes
 30135 | Spider:3 | Reached skill level 10 in Summonings
 30135 | Spider:3 | Reached skill level 10 in Necromancy
 30135 | Spider:3 | Reached skill level 10 in Translocations
 30135 | Spider:3 | Reached skill level 10 in Transmutations
 30135 | Spider:3 | Reached skill level 10 in Fire Magic
 30135 | Spider:3 | Reached skill level 10 in Ice Magic
 30135 | Spider:3 | Reached skill level 10 in Air Magic
 30135 | Spider:3 | Reached skill level 10 in Earth Magic
 30135 | Spider:3 | Reached skill level 10 in Poison Magic
 31388 | Spider:4 | Got a gossamer rune of Zot
 31697 | Vaults:1 | Entered Level 1 of the Vaults
 31731 | Vaults:1 | Reached XP level 18. HP: 90/144 MP: 34/34
 31821 | Vaults:1 | Found Qycun's Distillery.
 31840 | Vaults:1 | Bought a potion of heal wounds for 65 gold pieces
 31840 | Vaults:1 | Bought a potion of curing for 39 gold pieces
 31840 | Vaults:1 | Bought a potion of curing for 39 gold pieces
 31894 | Vaults:1 | Corrupted Vaults:1
 31894 | Vaults:1 | Noticed a bone dragon
 31894 | Vaults:1 | Noticed a bone dragon
 32115 | Vaults:1 | Escaped the Abyss
 34004 | Vaults:2 | Identified a scroll of acquirement
 34026 | Vaults:2 | Acquired Nawaxuc's Further Progress in Witchcraft
 34200 | Vaults:2 | Lost mutation: You are strong-willed. (Will+) [potion of
                  | mutation]
 34200 | Vaults:2 | Lost mutation: Your skin changes colour to match your
                  | surroundings (Stealth+). [potion of mutation]
 34200 | Vaults:2 | Gained mutation: Armour fits poorly on your strangely
                  | shaped body. [potion of mutation]
 34201 | Vaults:2 | Lost mutation: Armour fits poorly on your strangely shaped
                  | body. [potion of mutation]
 34201 | Vaults:2 | Gained mutation: You are occasionally teleported next to
                  | monsters. [potion of mutation]
 34202 | Vaults:2 | Lost mutation: You are occasionally teleported next to
                  | monsters. [potion of mutation]
 34202 | Vaults:2 | Gained mutation: Your system is resistant to poisons.
                  | (rPois) [potion of mutation]
 34202 | Vaults:2 | Gained mutation: Your flesh is heat resistant. (rF+)
                  | [potion of mutation]
 34202 | Vaults:2 | Gained mutation: You are partially covered in iridescent
                  | scales. (AC +2) [potion of mutation]
 34202 | Vaults:2 | Gained mutation: Your mind is acute. (Int +2) [potion of
                  | mutation]
 34290 | Vaults:2 | Got Vehumet's Papyrus of Arcane Weapons and Shape Shifting
 35211 | Vaults:3 | Noticed a bone dragon
 35252 | Vaults:3 | Killed a bone dragon
 35274 | Vaults:3 | Killed from afar by an ironbound thunderhulk

Illustrated notes

Levels and vault maps discovered:
D:1:      saegor_arrival_simple_a, layout_rooms, serial_shops, shop,
          minmay_crystal_room, minmay_statues_item, st_stairs_3
D:2:      layout_basic, shapermc_ecumenical_altar_gd
D:3:      layout_rooms, uniq_jessica, uniq_ijyb
D:4:      layout_layer_cave
D:5:      layout_basic, nicolae_gozag_zags_fifth_avenue,
          mainiacjoe_overflow_brackets, minmay_temple_entry_poolview,
          uniq_menkaure, uniq_pikel, uniq_eustachio, uniq_grinder
D:6:      layout_rooms, serial_shops, nicolae_square_shop
D:7:      layout_loops_cross, mainiacjoe_overflow_small_starburst,
          mainiacjoe_overflow_surrounded_room, due_unseen_surprise
D:8:      layout_basic, mainiacjoe_overflow_24_doors, kennysheep_vampire_church,
          grunt_temple_overflow_open
D:9:      layout_cave_pools, kennysheep_generic_room_16
D:10:     layout_rooms, grunt_temple_overflow_holy_war, serial_shops, shop,
          nicolae_shop_statue_plus, lightli_orcish_oven, uniq_sonja
D:11:     layout_stronghold, due_lair_maze_entry_diamond,
          nicolae_trove_entry_crystal, hangedman_decor_opposing
D:12:     layout_cave_pools, orc_0_dummy
D:13:     layout_roguey, erik_vaults_2, uniq_azrael
D:14:     layout_cave_pods, serial_ice, serial_ice_e, serial_ice_j,
          serial_ice_a, serial_ice_b, dk_noncrumbling_3,
          nicolae_yredelemnul_corpse_copse
D:15:     grunt_enter_depths_magical_seal, layout_long_grid, grunt_decor_cap,
          gammafunk_ghost_abyssal_escape, uniq_kirke
Lair:1:   layout_small_grid, gammafunk_ghost_arena
Lair:2:   layout_gridlike, shoals_dummy_entry, serial_forest,
          infiniplex_forest_lined_3, infiniplex_forest_corner_1,
          infiniplex_forest_clump_medium, infiniplex_forest_join,
          infiniplex_forest_corner_1, infiniplex_forest_3_way,
          infiniplex_forest_lined_2, uniq_maggie
Lair:3:   layout_gridlike, basic_altar, tgw_fedhas, grunt_megastairs_1,
          serial_bayou_shore_b, infiniplex_staircase_pool_2
Lair:4:   nzn_winding_woodlands_small [nzn_winding_woodlands_5x15_sidewinder,
          nzn_winding_woodlands_center_garden, nzn_winding_woodlands_5x15_eye],
          layout_hall_layers, spider_nest_entry_a,
          nicolae_volcano_entry_vermiform
Lair:5:   layout_gridlike, minmay_slime_entry_eyes, serial_bayou_shore_a
Lair:6:   gammafunk_lair_ancient_temple, layout_loops_ring,
          infiniplex_staircase_pool
Spider:1: spiders_nest_a, spiders_nest_spider_trap, uniq_agnes, uniq_frances
Spider:2: layout_spider_delve, beargit_elvish_explorers, uniq_arachne
Spider:3: layout_spider_delve, nicolae_looking_at_the_future, uniq_jorgrun
Spider:4: grunt_spider_rune_circles, uniq_mlioglotl
Orc:1:    layout_caves, uniq_erolcha, uniq_josephine
Orc:2:    grunt_orc_tribal_feast, layout_caves, mines1_david
Vaults:1: v_alt_pattern_3, nicolae_vaults_mini_display_case,
          ontoclasm_vaults_hangar, grunt_vaults_hallway_short,
          layout_vaults_quadrants, serial_shops, nicolae_shop_behind_doors
Vaults:2: mu_enter_wizlab_2, hangedman_vaults_stagger,
          nicolae_vaults_yaktaur_gun_rack, ontoclasm_vaults_ligature, v_misc_26,
          v_misc_3, nicolae_vaults_little_ls, v_misc_11,
          ontoclasm_vaults_decontamination, hangedman_vaults_restitches,
          layout_vaults_big_room
Vaults:3: vaults_room_octagon, minmay_crypt_entry_nasty_monster,
          nicolae_vaults_good_morning_starshine,
          nicolae_vaults_network_periphery, v_pattern_5, vaults_dpeg_ring,
          hangedman_vaults_capsules, v_misc_33, v_misc_3,
          dpeg_vaults_monster_row, layout_vaults_omnibox, serial_shops,
          bzr_entry_road, uniq_aizul, uniq_mennas

Skill      XL: |  1  2  3  4  5  6  7  8  9 10 11 12 13 14 15 16 17 18 |
---------------+-------------------------------------------------------+-----
Short Blades   | 1 2 3 4 5 6 7 8 9 10 11 12 | 12.7
Long Blades    | 1 2 3 4 5 6 7 8 9 10 11 12 | 12.7
Maces & Flails | 1 2 3 4 5 6 7 8 9 10 11 12 | 12.7
Polearms       | 1 2 3 4 5 6 7 8 9 10 11 12 | 12.7
Staves         | 1 2 3 4 5 6 7 8 9 10 11 12 | 12.7
Slings         | 1 2 3 4 5 6 7 8 9 10 11 12 | 12.7
Bows           | 1 2 3 4 5 6 7 8 9 10 11 12 | 12.7
Crossbows      | 1 2 3 4 5 6 7 8 9 10 11 12 | 12.7
Throwing       | 1 2 3 4 5 6 7 8 9 10 11 12 | 12.7
Stealth        | 1 2 3 4 5 6 7 8 9 10 11 12 | 12.7
Shields        | 1 2 3 4 5 6 7 8 9 10 11 12 | 12.7
Unarmed Combat | 1 2 3 4 5 6 7 8 9 10 11 12 | 12.7
Spellcasting   | 1 2 3 4 5 6 7 8 9 10 11 12 | 12.7
Evocations     | 1 2 3 4 5 6 7 8 9 10 11 12 | 12.7
Conjurations   | 1 2 3 4 5 6 7 8 9 10 | 10.8
Hexes          | 1 2 3 4 5 6 7 8 9 10 | 10.8
Summonings     | 1 2 3 4 5 6 7 8 9 10 | 10.8
Necromancy     | 1 2 3 4 5 6 7 8 9 10 | 10.8
Translocations | 1 2 3 4 5 6 7 8 9 10 | 10.8
Transmutations | 1 2 3 4 5 6 7 8 9 10 | 10.8
Fire Magic     | 1 2 3 4 5 6 7 8 9 10 | 10.8
Ice Magic      | 1 2 3 4 5 6 7 8 9 10 | 10.8
Air Magic      | 1 2 3 4 5 6 7 8 9 10 | 10.8
Earth Magic    | 1 2 3 4 5 6 7 8 9 10 | 10.8
Poison Magic   | 1 2 3 4 5 6 7 8 9 10 | 10.8
Dodging        | 3 4 5 6 7 8 9 10 11 12 13 | 13.0
Invocations    | 5 6 7 8 9 10 11 12 13 14 | 14.5
Axes           | 5 6 7 8 9 10 11 12 13 | 13.5
Armour         | 5 6 7 8 9 10 11 12 13 | 13.5
Fighting       | 7 8 9 10 11 12 13 14 | 14.2

Action                   |  1- 3 |  4- 6 |  7- 9 | 10-12 | 13-15 | 16-18 || total
-------------------------+-------+-------+-------+-------+-------+-------++-------
Melee: Hand axe          |    24 |       |     6 |   155 |  1090 |  1477 ||  2752
       Bite              |     9 |    20 |    43 |   117 |   235 |   289 ||   713
       Dagger            |    57 |   249 |   292 |   542 |     7 |       ||  1147
       Punch             |       |     2 |     4 |       |     4 |     3 ||    13
       Scimitar          |       |       |       |       |    10 |       ||    10
Throw: Dart              |       |     2 |    14 |    11 |    31 |   101 ||   159
Invok: Depart the Abyss  |     1 |       |       |       |     1 |     2 ||     4
       Banish            |       |       |     1 |     4 |    15 |     5 ||    25
       Bend Space        |       |       |       |     2 |     7 |     7 ||    16
       Corrupt           |       |       |       |       |     3 |     4 ||     7
       Enter the Abyss   |       |       |       |       |     1 |     2 ||     3
Evoke: Wand              |       |       |       |       |     2 |     8 ||    10
  Use: Potion            |     3 |       |       |     1 |     9 |    13 ||    26
       Scroll            |     4 |     2 |     5 |    10 |    11 |    20 ||    52
 Stab: Sleeping          |     6 |     3 |       |     1 |     4 |     8 ||    22
       Distracted        |       |       |       |       |     1 |     1 ||     2
Armor: Leather armour    |    34 |     8 |       |       |       |       ||    42
       Chain mail        |       |   213 |   152 |   250 |   466 |  1034 ||  2115
Dodge: Dodged            |    34 |   119 |    83 |   248 |   445 |   885 ||  1814
Block: Buckler           |       |       |    50 |   392 |   646 |  1082 ||  2170

Table legend: (Time is in decaauts)
 A = Elapsed time spent in this place.
 B = Non-inter-level travel time spent in this place.
 C = Inter-level travel time spent in this place.
 D = Time resting spent in this place.
 E = Time spent auto-exploring this place.
 F = Levels seen in this place.
 G = Mean time per level.
                   A        B        C        D        E       F      G
               +--------+--------+--------+--------+--------+-----+--------+
         Total |  34536 |  32113 |   2423 |   4859 |  18020 |  37 |  933.4 |
       Dungeon |  14674 |  13070 |   1604 |   1032 |   8316 |  15 |  978.3 |
          Lair |   8197 |   7716 |    481 |   1445 |   4241 |   6 | 1366.2 |
   Spider Nest |   6161 |   5972 |    189 |   1803 |   2120 |   4 | 1540.2 |
  Orcish Mines |   1650 |   1565 |     85 |    140 |    855 |   2 |  825.0 |
        Vaults |   3199 |   3137 |     62 |    118 |   2274 |   3 | 1066.3 |
         Abyss |    653 |    653 |      0 |    319 |    211 |   7 |   93.3 |
               +--------+--------+--------+--------+--------+-----+--------+

Top non-repeatable levels by time:
  Lair:4: 2027 daAuts
Spider:1: 1847 daAuts
    D:13: 1825 daAuts
Spider:3: 1792 daAuts
  Lair:3: 1649 daAuts
Vaults:1: 1542 daAuts
    D:15: 1477 daAuts
Spider:2: 1358 daAuts
    D:14: 1283 daAuts
    D:11: 1281 daAuts
  Lair:5: 1245 daAuts
Vaults:2: 1188 daAuts
  Lair:6: 1186 daAuts
Spider:4: 1162 daAuts
     D:5: 1150 daAuts
